 Dungeon Crawl Stone Soup version 0.29-a0-284-gf9362112df (webtiles) character file.

Game seed: 14078416597173146190

15 siradein the Bolt Thrower (level 2, -2/17 HPs)
             Began as a Kobold Arcane Marksman on Mar 16, 2022.
             Slain by a goblin
             ... wielding a +0 dagger
             ... led by Robin
              (3 damage)
             ... on level 1 of the Dungeon.
             The game lasted 00:02:52 (1804 turns).

siradein the Bolt Thrower (Kobold Arcane Marksman)  Turns: 1804, Time: 00:02:53

Health: -2/17      AC:  4    Str:  7    XL:     2   Next: 65%
Magic:  3/3        EV: 14    Int: 14    God:
Gold:   25         SH:  0    Dex: 15    Spells: 2/3 levels left

rFire   . . .      SeeInvis .   a - +0 hand crossbow
rCold   . . .      Faith    .   (no shield)
rNeg    . . .      Spirit   .   g - +0 leather armour
rPois   .          Reflect  .   (no helmet)
rElec   .          Harm     .   (no cloak)
rCorr   .          Rampage  .   b - +0 pair of gloves
Will    .....                   (no boots)
Stlth   ++........              (no amulet)
HPRegen 0.05/turn               (no ring)
MPRegen 0.08/turn               (no ring)

@: no status effects
A: small, no large weapons, nightstalker 3
a: no special abilities


You were on level 1 of the Dungeon.
You visited 1 branch of the dungeon, and saw 2 of its levels.

You collected 25 gold pieces.

Inventory:

Hand Weapons
 a - a +0 hand crossbow (weapon)
 i - a +0 dagger of protection
Armour
 b - a +0 pair of gloves (worn)
 g - a +0 leather armour (worn)
Scrolls
 c - a scroll of vulnerability
 e - a scroll of amnesia {unknown}
 f - a scroll of identify {unknown}
 j - a scroll of magic mapping {unknown}
 k - a scroll of blinking {unknown}
 l - a scroll of fear {unknown}
Potions
 d - a potion of attraction {unknown}
 h - a potion of lignification {unknown}


   Skills:
 + Level 1.7 Fighting
 + Level 3.2 Crossbows
 + Level 2.9 Dodging
 - Level 1.1 Spellcasting
 - Level 3.0 Hexes


You had 2 spell levels left.
You knew the following spells:

 Your Spells              Type           Power      Damage    Failure   Level
a - Slow                  Hex            36%        N/A       12%         1

Your spell library contained the following spells:

 Spells                   Type           Power      Damage    Failure   Level
 Dazzling Flash           Conj/Hex       8%         N/A       54%         3
 Inner Flame              Hex/Fire       4%         N/A       54%         3
 Portal Projectile        Hex/Tloc       8%         N/A       54%         3
 Cause Fear               Hex            4%         N/A       75%         4
 Iskenderun's Mystic Bla  Conj/Tloc      0%         2d3       98%         4
 Starburst                Conj/Fire      0%         6d3       100%        6


Dungeon Overview and Level Annotations

Branches:
Dungeon (2/15)

Altars:

Annotations:
D:2 Robin


Innate Abilities, Weirdness & Mutations

You are small and have problems with some larger weapons.
You are completely attuned to the shadows.


Message History

The goblin hits you but does no damage. Robin throws the goblin at you!
The goblin barely misses you. The goblin completely misses you.
Robin roars a battlecry!
The goblins go into a battle-frenzy!
You hear a shout! x4
There is a stone staircase leading up here.
The goblin hits you with a +0 dagger. x2
You climb upwards.
There is a stone staircase leading down here.
The goblin closely misses you. The goblin hits you with a +0 dagger.
The goblin hits you with a +0 dagger.
* * * LOW HITPOINT WARNING * * *
The goblin attacks as you move away! The goblin misses you.
The goblin attacks as you move away! The goblin misses you.
The goblin no longer looks unusually strong.
Shoot: a) +0 hand crossbow
Press: ? - help, Q - select action, (/) - cycle Shift-Dir - straight line, f - goblin
Aim: a goblin, wielding a +0 dagger (53% to hit)
You shoot a bolt. The bolt closely misses the goblin.
The bolt hits the goblin!
You kill the goblin!
The goblin hits you with a +0 dagger.
* * * LOW HITPOINT WARNING * * *
Shoot: a) +0 hand crossbow
Press: ? - help, Q - select action, (/) - cycle Shift-Dir - straight line, f/p - goblin
Aim: a goblin, wielding a +0 dagger (53% to hit)
You shoot a bolt. The bolt hits the goblin.
The goblin is moderately wounded.
The goblin closely misses you. The goblin hits you but does no damage.
Shoot: a) +0 hand crossbow
Press: ? - help, Q - select action, (/) - cycle Shift-Dir - straight line, f/p - goblin
Aim: a goblin, wielding a +0 dagger (moderately wounded, 53% to hit)
You shoot a bolt. The bolt misses the goblin.
The goblin hits you with a +0 dagger.
* * * LOW HITPOINT WARNING * * *
Shoot: a) +0 hand crossbow
Press: ? - help, Q - select action, (/) - cycle Shift-Dir - straight line, f/p - goblin
Aim: a goblin, wielding a +0 dagger (moderately wounded, 53% to hit)
You shoot a bolt. The bolt barely misses the goblin.
The goblin hits you with a +0 dagger.
You die...

#.###.###..........#
#.#..........#######
#.#.#.##.....#
#.#.#.###....# #
#.#.#.####.#.# #
#...#........# #
##########.### ## #.#
.# #@# .# #g# .# #)#
.# ########.# .#
#........# .#
###.######.# .#
#.......##.####### .#
#.#.###.#.......># .#
#.#.###........).####


You could see a goblin.

Vanquished Creatures
  An endoplasm (D:1)
  5 goblins
  3 kobolds (D:1)
  A quokka (D:1)
  2 ball pythons (D:1)
  A frilled lizard (D:1)
  A rat (D:1)
14 creatures vanquished.

Notes
Turn   | Place    | Note
-------+----------+-------------------------------------------
     0 | D:1      | siradein the Kobold Arcane Marksman began the quest for the
                  | Orb.
     0 | D:1      | Reached XP level 1. HP: 12/12 MP: 2/2
   891 | D:1      | Reached XP level 2. HP: 15/16 MP: 3/3
  1396 | D:1      | Found Qatebl Tatu's Book Boutique.
  1729 | D:2      | Noticed Robin
  1804 | D:1      | Slain by a goblin

Illustrated notes

Levels and vault maps discovered:
D:1:      dpeg_arrival_simpleton_b, layout_loops_corners, serial_shops, shop,
          skrybe_limestone_x
D:2:      layout_basic, uniq_robin, uniq_sigmund

Skill      XL: |  1 |
---------------+----+-----
Crossbows      | 3 |  3.2
Fighting       | |  1.7
Dodging        | |  2.9
Spellcasting   | |  1.1
Hexes          | |  3.0

Action                   || total
-------------------------++-------
Melee: Short sword       ||     3
       Dagger            ||    17
 Fire: Hand crossbow     ||    44
Armor: Leather armour    ||     7
Dodge: Dodged            ||    25

Table legend: (Time is in decaauts)
 A = Elapsed time spent in this place.
 B = Non-inter-level travel time spent in this place.
 C = Inter-level travel time spent in this place.
 D = Time resting spent in this place.
 E = Time spent auto-exploring this place.
 F = Levels seen in this place.
 G = Mean time per level.
                   A        B        C        D        E       F      G
               +--------+--------+--------+--------+--------+-----+--------+
         Total |   1820 |   1775 |     45 |    523 |   1082 |   2 |  910.0 |
       Dungeon |   1820 |   1775 |     45 |    523 |   1082 |   2 |  910.0 |
               +--------+--------+--------+--------+--------+-----+--------+

Top non-repeatable levels by time:
     D:1: 1805 daAuts
     D:2: 14 daAuts
